 Dungeon Crawl Stone Soup version 0.19-a0-231-gae044c8 (webtiles) character file.

79 mistymad the Covered (level 4, -4/29 HPs)
             Began as a Gargoyle Fighter on May 25, 2016.
             Slain by herpmino's ghost (13 damage)
             ... on level 3 of the Dungeon.
             The game lasted 00:03:01 (1749 turns).

mistymad the Covered (Gargoyle Fighter)             Turns: 1749, Time: 00:03:02

Health: -4/29      AC: 10    Str: 20    XL:     4   Next: 38%
Magic:  4/4        EV:  2    Int:  8    God:
Gold:   41         SH:  9    Dex: 10    Spells: 0 memorised, 3 levels left

rFire  . . .     SeeInvis .     a - +0 war axe
rCold  . . .     Gourm    .     b - +0 scale mail
rNeg   + . .     Faith    .     c - +0 shield
rPois  ∞         Spirit   .     (no helmet)
rElec  +         Dismiss  .     (no cloak)
rCorr  .         Reflect  .     (no gloves)
SustAt .         Harm     .     (no boots)
MR     .....                    (no amulet)
Stlth  ..........               (no ring)
                                (no ring)

@: not resistant to hostile enchantments, extremely unstealthy
A: negative energy resistance 1, electricity resistance, unbreathing,
petrification resistance, rot immunity, AC +3
a: no special abilities


You were on level 3 of the Dungeon.
You were not hungry.

You visited 1 branch of the dungeon, and saw 3 of its levels.

You collected 41 gold pieces.

Inventory:

Hand Weapons
 a - a +0 war axe (weapon)
Armour
 b - a +0 scale mail (worn)
 c - a +0 shield (worn)
Jewellery
 g - an uncursed amulet of rage {unknown}
Scrolls
 e - 2 scrolls of remove curse {unknown}
 h - 2 scrolls of noise {unknown}
 i - a scroll of teleportation {unknown}
 k - 2 scrolls of immolation {unknown}
 l - a scroll of magic mapping {unknown}
 o - a scroll of identify {unknown}
Potions
 d - a potion of might
 m - a potion of ambrosia {unknown}
Comestibles
 f - 2 bread rations
 j - a beef jerky
 n - a chunk of flesh


   Skills:
 + Level 3.7 Fighting
 + Level 2.2 Axes
 + Level 4.0 Armour
 + Level 0.8 Dodging
 + Level 4.0 Shields


You had 3 spell levels left.
You didn't know any spells.

Dungeon Overview and Level Annotations

Branches:
Dungeon (3/15)

Altars:

Annotations:
D:3 herpmino's ghost, amateur FoFi


Innate Abilities, Weirdness & Mutations

You are resistant to torment.
Your stone body is resilient (AC +3).
You are immune to poison.
You resist negative energy. (rN+)
You are resistant to electric shocks. (rElec)
You can survive without breathing.
You are immune to petrification.
You are immune to rotting.


Message History

You block herpmino's ghost's attack. Herpmino's ghost hits you.
You take 3 damage, and have 26/29 hp.
You barely miss herpmino's ghost.
Herpmino's ghost is moderately damaged.
Herpmino's ghost hits you.
You take 6 damage, and have 20/29 hp.
MASSIVE DAMAGE!!
You slash herpmino's ghost!
Herpmino's ghost is heavily damaged.
Herpmino's ghost hits you but does no damage.
Herpmino's ghost hits you!
You take 8 damage, and have 12/29 hp.
MASSIVE DAMAGE!!
You slash herpmino's ghost!
Herpmino's ghost is severely damaged.
You block herpmino's ghost's attack.
You closely miss herpmino's ghost.
Herpmino's ghost is severely damaged.
Herpmino's ghost hits you. Herpmino's ghost closely misses you.
You take 4 damage, and have 9/29 hp.
Herpmino's ghost hits you!
You die...

###### ##########
#....# #........##
#....# #.######...
#....# #...# ####
#...<### ###.#
#......######## #.##
#..((((((##...# #..##
#).......@....#####..#
#
#....####.W.....####.#
## #....#
###...#...##.####.
######
#######.........
###.....#. ###...#.
##.... ..... ......


You could see herpmino's ghost.

Vanquished Creatures
  An orc wizard (D:3)
  A worm (D:2)
  3 dart slugs
  3 giant geckos (D:2)
  An orc (D:3)
  A giant cockroach (D:3)
  A hobgoblin (D:3)
  7 jackals (D:1)
  3 kobolds
  7 bats
  4 giant newts
  4 goblins
  8 rats
44 creatures vanquished.

Notes
Turn   | Place    | Note
--------------------------------------------------------------
     0 | D:1      | mistymad the Gargoyle Fighter began the quest for the Orb.
     0 | D:1      | Reached XP level 1. HP: 14/14 MP: 1/1
    98 | D:1      | Reached XP level 2. HP: 19/19 MP: 2/2
   627 | D:2      | Reached XP level 3. HP: 23/23 MP: 3/3
  1591 | D:3      | Reached XP level 4. HP: 15/29 MP: 4/4
  1598 | D:3      | Noticed herpmino's ghost (amateur FoFi)
  1749 | D:3      | Slain by herpmino's ghost

Vault maps used:
D:1:      minmay_arrival_stone_box
D:2:      serial_co_window_serial, co_window_paths_a, co_window_paths_b,
          co_window_paths_b, co_window_corner_a, co_window_of_opportunity_a,
          co_window_of_opportunity_c, co_window_corner_b, co_window_broadway_c,
          co_window_2corner, co_window_corner_b, co_window_broadway_a,
          glass_columns_a, first_bread
D:3:      kennysheep_ying_yang, lemuel_crystal_altar, elyvilon_altar_3

Skill      XL: |  1  2  3 |
---------------+----------+-----
Axes           | 2 |  2.2
Armour         | 4 |  4.0
Shields        | 4 |  4.0
Fighting       | |  3.7
Dodging        | |  0.8

Action                   |  1- 3 |  4- 6 || total
-------------------------+-------+-------++-------
Melee: War axe           |   126 |    11 ||   137
  Eat: Chunk             |     2 |     1 ||     3
Armor: Scale mail        |    76 |     5 ||    81
Dodge: Dodged            |    40 |     1 ||    41
Block: Shield            |    77 |     8 ||    85
